 Dungeon Crawl Stone Soup version 0.29.1-12-g30fa7ad0bf (webtiles) character file.

Game seed: 17592117461935278233

3030 cheesebisquit the Cleaver (level 9, -1/63 (71) HPs)
             Began as a Minotaur Berserker on Jan 3, 2023.
             Was a Believer of Trog.
             Slain by a wight
             ... wielding a +6 mace of freezing
              (2 damage)
             ... on level 8 of the Dungeon.
             The game lasted 00:32:40 (6083 turns).

cheesebisquit the Cleaver (Minotaur Berserker)      Turns: 6083, Time: 00:32:40

HP:   -1/63 (71)    AC: 13    Str: 25    XL:     9   Next: 56%
MP:   8/8           EV:  7    Int:  4    God:    Trog [**....]
Gold: 391           SH: 11    Dex: 11    Spells: 8/8 levels left

rFire   + . .      SeeInvis .   q - +2 war axe (vamp)
rCold   . . .      Faith    .   b - +0 kite shield
rNeg    . . .      Spirit   .   C - +2 chain mail {rF+}
rPois   .          Reflect  .   (helmet restricted)
rElec   .          Harm     .   x - +0 cloak
rCorr   .          Rampage  .   t - +0 pair of gloves
Will    ++...                   (no boots)
Stlth   ..........              (no amulet)
HPRegen 1.20/turn               (no ring)
MPRegen 0.11/turn               (no ring)

@: strong-willed (expiring), on berserk cooldown, regenerating (expiring),
slowed, heavily drained, very slow
A: horns 2, retaliatory headbutt
a: Renounce Religion, Berserk, Trog's Hand


You were on level 8 of the Dungeon.
You worshipped Trog.
Trog was pleased with you.
You visited 1 branch of the dungeon, and saw 8 of its levels.

You collected 436 gold pieces.
You spent 45 gold pieces at shops.

Inventory:

Hand Weapons
 q - a +2 vampiric war axe (weapon)
 B - a +2 flail of holy wrath
Missiles
 e - a throwing net (quivered)
 m - 17 poisoned darts
Armour
 b - a +0 kite shield (worn)
 c - a +0 ring mail
 t - a +0 pair of gloves (worn)
 x - a +0 cloak (worn)
 C - a +2 chain mail of fire resistance (worn)
 E - a +0 scale mail
Wands
 u - a wand of iceblast (7)
 z - a wand of polymorph (3)
 A - a wand of flame (27)
Scrolls
 a - 2 scrolls of poison {unknown}
 j - 6 scrolls of teleportation
 k - 3 scrolls of magic mapping
 l - a scroll of enchant armour {unknown}
 o - a scroll of fear {unknown}
 r - 2 scrolls of torment {unknown}
 v - a scroll of blinking {unknown}
 y - a scroll of enchant weapon {unknown}
 D - a scroll of vulnerability {unknown}
 I - a scroll of identify
 K - a scroll of amnesia {unknown}
Potions
 d - 4 potions of attraction
 f - a potion of mutation
 g - a potion of ambrosia
 h - a potion of might
 i - 2 potions of heal wounds
 n - 3 potions of lignification
 p - 3 potions of invisibility
 s - 3 potions of haste
 w - a potion of cancellation {unknown}
 F - a potion of curing {unknown}
 G - a potion of flight {unknown}
 H - a potion of degeneration {unknown}
 J - a potion of brilliance {unknown}


   Skills:
 - Level 3.7 Fighting
 + Level 11.8 Axes
 - Level 2.6 Armour
 - Level 2.3 Dodging
 + Level 11.1 Shields


You had 8 spell levels left.
You didn't know any spells.
Your spell library was empty.

Dungeon Overview and Level Annotations

Branches:
Dungeon (8/15)             Temple (0/1) D:6
   Lair: D:8-11

Altars:
Qazlal
Sif Muna
Yredelemnul
Zin

Shops:
D:3 (?[([   D:5 :   D:7 :=!

Annotations:
D:5 3 runed translucent doors, angelusfrater's ghost, amateur MiFi


Innate Abilities, Weirdness & Mutations

You have a pair of horns on your head.
You reflexively headbutt those who attack you in melee.


Message History

The orc priest begins to cast a cantrip, but forgets the words!
The wight hits you from afar with a +1 spear.
You block the wight's attack.
An orc priest comes into view. It is wielding a +0 short sword.
Something hits you but does no damage.
You slash the wight! Your headbutt misses the wight.
The wight is almost destroyed.
You closely miss something.
The orc priest begins to cast a cantrip, but forgets the words!
The wight hits you with a +6 mace of freezing!
The wight freezes you. Something hits you but does no damage.
The wight hits you from afar with a +1 spear.
You feel drained.
You completely miss the wight.
The wight is almost destroyed.
You completely miss something. The wight barely misses you.
Something hits you but does no damage.
The wight hits you with a +6 mace of freezing!
You feel drained. The wight freezes you.
* * * LOW HITPOINT WARNING * * *
The wight hits you from afar with a +1 spear.
* * * LOW HITPOINT WARNING * * *
You feel drained.
The wight hits you with a +6 mace of freezing.
* * * LOW HITPOINT WARNING * * *
The wight freezes you.
* * * LOW HITPOINT WARNING * * *
Something hits you but does no damage.
You slice the orc priest!!
You kill the orc priest!
Trog accepts your kill.
You closely miss the wight. You hit something. You block the wight's attack.
The orc priest mumbles some strange prayers to Beogh against you.
Beogh smites you!
* * * LOW HITPOINT WARNING * * *
Something hits you but does no damage.
The wight hits you with a +6 mace of freezing.
* * * LOW HITPOINT WARNING * * *
You feel drained.
You die...

#.# ##.......## #.#
#.........# #.##
##.........# #..#
.......o...# #..#
#........z.# ##..##
#......z...# #....#
#.#...))).# #.##.#
#.....z@.# ##.##.#
###......#####..##.#
#####........###.#
#)#####..# #.#
.......
...####.#####..###.#
......#
#..............##.#
.....^#
######.#####.####.#
......# #.[# ##.#
#)# .....># ##.#
#..# #)#


You could see 3 wights and an orc priest.

Vanquished Creatures
  Joseph (D:8)
  Grinder (D:3)
  Menkaure (D:6)
  Edmund (D:6)
  A water moccasin (D:7)
  An ice beast (D:7)
  A sky beast (D:7)
  2 black bears (D:6)
  3 ogres
  A centaur (D:6)
  2 kobold brigands
  2 gnoll sergeants
  A bullfrog (D:8)
  2 scorpions (D:6)
  4 wights
  3 hounds
  3 orc priests
  Jessica (D:2)
  Terence (D:2)
  4 iguanas
  Natasha (thrice) (D:3)
  4 orc wizards
  Ijyb (D:3)
  12 gnolls
  7 adders
  An ufetubus (D:5)
  3 worms
  7 dart slugs
  31 orcs
  4 endoplasms
  3 giant cockroaches
  4 goblins
  2 hobgoblins
  4 jackals (D:2)
  9 kobolds
  4 quokkas
  5 ball pythons
  3 bats
  7 frilled lizards
  7 rats
157 creatures vanquished.

Vanquished Creatures (others)
  5 plants
5 creatures vanquished.

Grand Total: 162 creatures vanquished

Notes
Turn   | Place    | Note
-------+----------+-------------------------------------------
     0 | D:1      | cheesebisquit the Minotaur Berserker began the quest for
                  | the Orb.
     0 | D:1      | Reached XP level 1. HP: 19/19 MP: 0/0
   125 | D:1      | Reached XP level 2. HP: 23/27 MP: 1/1
   512 | D:1      | Reached skill level 1 in Shields
   832 | D:2      | Noticed Terence
   838 | D:2      | Killed Terence
   839 | D:2      | Reached XP level 3. HP: 33/33 MP: 2/2
   913 | D:2      | Noticed Jessica
   919 | D:2      | Killed Jessica
   920 | D:2      | Reached XP level 4. HP: 40/40 MP: 3/3
   963 | D:2      | Reached skill level 5 in Axes
  1784 | D:3      | Found Neytuf's Antique Armour Shoppe.
  1791 | D:3      | Found Kylik's Weapon Shop.
  1915 | D:3      | Found a basalt altar of Yredelemnul.
  1925 | D:3      | Found Ezametosh's Antique Weapon Boutique.
  1971 | D:3      | Noticed Natasha
  1982 | D:3      | Killed Natasha
  1983 | D:3      | Reached XP level 5. HP: 46/46 MP: 4/4
  2090 | D:3      | Noticed Grinder
  2104 | D:3      | Killed Grinder
  2105 | D:3      | Reached skill level 5 in Shields
  2105 | D:3      | Reached XP level 6. HP: 45/52 MP: 5/5
  2233 | D:3      | Found Ucatu's Magic Scroll Shoppe.
  2300 | D:3      | Found Varexacs's Armour Shoppe.
  2308 | D:3      | Bought a +0 pair of gloves for 45 gold pieces
  2340 | D:3      | Noticed Natasha
  2345 | D:3      | Killed Natasha
  2492 | D:3      | Noticed Ijyb
  2497 | D:3      | Killed Ijyb
  2677 | D:3      | Noticed Natasha
  2679 | D:3      | Killed Natasha
  2820 | D:4      | Reached XP level 7. HP: 58/58 MP: 6/6
  3031 | D:4      | Reached ** piety under Trog
  3229 | D:4      | Found a glowing silver altar of Zin.
  3289 | D:4      | Found a shimmering blue altar of Sif Muna.
  3420 | D:5      | Entered Level 5 of the Dungeon
  3444 | D:5      | Found Cicon's Vocational Training.
  3509 | D:5      | Found a runed translucent gate.
  3509 | D:5      | Found a runed translucent gate.
  3514 | D:5      | Found a runed translucent gate.
  3523 | D:5      | Noticed angelusfrater's ghost (amateur MiFi)
  4203 | D:6      | Reached XP level 8. HP: 66/66 MP: 7/7
  4289 | D:6      | Found a staircase to the Ecumenical Temple.
  4419 | D:6      | Noticed Menkaure
  4427 | D:6      | Killed Menkaure
  4795 | D:6      | Noticed Edmund
  4801 | D:6      | Killed Edmund
  4804 | D:6      | Reached skill level 10 in Axes
  5111 | D:7      | Found Tafoyfui's Distillery.
  5111 | D:7      | Found Nyr Too's Jewellery Boutique.
  5128 | D:7      | Reached XP level 9. HP: 71/71 MP: 8/8
  5136 | D:7      | Found Lew Gero's Book Shop.
  5141 | D:7      | Reached skill level 10 in Shields
  5691 | D:8      | Noticed Joseph
  5703 | D:8      | Killed Joseph
  5865 | D:8      | Found a stormy altar of Qazlal.
  6083 | D:8      | HP: 1/64 [wight/+6 mace of freezing (5)]
  6083 | D:8      | Slain by a wight

Illustrated notes

Levels and vault maps discovered:
D:1:      dpeg_arrival_signposts, layout_rooms, kennysheep_doodads,
          minmay_lizard_king
D:2:      layout_basic, uniq_jessica, uniq_terence
D:3:      cheibrodos_old_hovel, layout_loops_ring, mainiacjoe_overflow_alcove_4,
          serial_shops, nicolae_shop_stone, nicolae_shop_stone, shop, shop,
          nicolae_shop_hallway_stairs, corexii_corridor_pit, uniq_grinder,
          uniq_natasha, uniq_ijyb
D:4:      layout_cave_pools, led_sif_book, zin_statuary, minmay_door_square
D:5:      layout_loops_ring, gammafunk_ghost_split, st_stairs_5,
          nicolae_shop_vocational
D:6:      layout_basic, temple_pool_b, uniq_edmund, uniq_menkaure
D:7:      layout_cave_pools, serial_shops, nicolae_stop_n_shop_2, shop,
          nicolae_shop_crystal, nicolae_fountain_basement
D:8:      layout_rooms, overflow_temple_1_default, uniq_joseph

Skill      XL: |  1  2  3  4  5  6  7  8  9 |
---------------+----------------------------+-----
Axes           | 4 5 6 7 8 10 11 | 11.8
Shields        | 2 3 5 7 9 11 | 11.1
Fighting       | |  3.7
Armour         | |  2.6
Dodging        | |  2.3

Action                   |  1- 3 |  4- 6 |  7- 9 || total
-------------------------+-------+-------+-------++-------
Melee: Hand axe          |    42 |    62 |       ||   104
       Headbutt          |     9 |     9 |    28 ||    46
       War axe           |       |    30 |   214 ||   244
       Unarmed           |       |       |    16 ||    16
Invok: Berserk           |     2 |     5 |    10 ||    17
       Trog's Hand       |       |       |    11 ||    11
  Use: Potion            |       |     3 |     1 ||     4
       Scroll            |       |     5 |     3 ||     8
Armor: Ring mail         |    14 |    31 |    36 ||    81
       Chain mail        |       |       |    69 ||    69
       Skin              |       |       |     4 ||     4
Dodge: Dodged            |    19 |    31 |   124 ||   174
Block: Kite shield       |     8 |    35 |   141 ||   184
